 Dungeon Crawl Stone Soup version 0.29.0-4-gdea44cf6ec (webtiles) character file.

Game seed: 2230129441801974509

109 qw the Sneak (level 4, -1/28 HPs)
             Began as a Gargoyle Delver on Sept 10, 2022.
             Was an Initiate of Okawaru.
             Slain by a river rat (3 damage)
             ... in a sewer.
             The game lasted 00:00:32 (1350 turns).

qw the Sneak (Gargoyle Delver)                      Turns: 1350, Time: 00:00:32

Health: -1/28      AC: 12    Str: 18    XL:     4   Next: 90%
Magic:  4/4        EV:  7    Int: 10    God:    Okawaru [......]
Gold:   0          SH:  0    Dex: 11    Spells: 3/3 levels left

rFire   . . .      SeeInvis .   Y - +0 hand axe
rCold   . . .      Faith    .   (no shield)
rNeg    + . .      Spirit   .   a - +0 chain mail
rPois   inf        Reflect  .   (no helmet)
rElec   +          Harm     .   (no cloak)
rCorr   .          Rampage  .   (no gloves)
Will    .....                   (no boots)
Stlth   ..........              (no amulet)
HPRegen 0.09/turn               (no ring)
MPRegen 0.09/turn               (no ring)

@: no status effects
A: sickness immunity, AC +3, negative energy resistance 1, electricity
resistance, torment resistance 1, petrification resistance
a: Renounce Religion


You were in a sewer.
You worshipped Okawaru.
Okawaru was noncommittal.
You visited 1 branch of the dungeon, and saw 3 of its levels.
You also visited: Sewer.


Innate Abilities, Weirdness & Mutations

You are immune to sickness and miasma.
Your stone body is resilient. (AC +3)
You are immune to poison.
You resist negative energy. (rN+)
You are resistant to electric shocks. (rElec)
You are resistant to unholy torment.
You are immune to petrification.


   Skills:
 - Level 3.2 Fighting
 - Level 4.0 Axes
 + Level 1.8 Armour
 - Level 1.5 Dodging
 - Level 5.4 Stealth


You had 3 spell levels left.
You didn't know any spells.
Your spell library was empty.

Inventory:

Hand Weapons
 c - a +0 whip
 Y - a +0 hand axe (weapon)
Armour
 a - a +0 chain mail (worn)
Wands
 g - a wand of digging (3)
Potions
 e - a potion of curing {unknown}
 f - a potion of haste

Dungeon Overview and Level Annotations

Branches:
Dungeon (5/15)              Sewer (1/1)
 Temple: D:4-7

Altars:
Okawaru


Message History

You closely miss the river rat. The river rat barely misses you.
The river rat completely misses you.
The river rat bites you but does no damage.
You completely miss the river rat.
The river rat is heavily wounded.
You barely miss the river rat. x2
The river rat barely misses you.
The river rat bites you but does no damage. x2
You closely miss the river rat.
The river rat is heavily wounded.
You hit the river rat. You completely miss the river rat.
The river rat bites you.
The river rat bites you but does no damage. x2
You barely miss the river rat.
The river rat is heavily wounded.
You closely miss the river rat. You hit the river rat.
The river rat bites you but does no damage.
The river rat bites you.
The river rat bites you but does no damage.
You closely miss the river rat.
The river rat is severely wounded.
You closely miss the river rat. You hit the river rat but do no damage.
The river rat bites you.
The river rat bites you but does no damage. x2
You closely miss the river rat.
The river rat is severely wounded.
You hit the river rat. x2
The river rat closely misses you. The river rat completely misses you.
The river rat barely misses you.
You completely miss the river rat.
The river rat is severely wounded.
You barely miss the river rat. You hit the river rat but do no damage.
The river rat bites you! The river rat barely misses you.
The river rat bites you but does no damage.
You hit the river rat.
The river rat is almost dead.
You closely miss the river rat. You hit the river rat.
The river rat barely misses you. The river rat closely misses you.
The river rat bites you. x3
You die...

~~~~..~~.~.~~~.~#
~~~~~~~~~~~~~~~~#
~.~~~~~~~~~~~~~~#
~~~####~~####~~~#
.~ #~.# #.~~# ~
#~~# #.~~# #
#..####.~.#
#.#r.#.##~~~#
#.%@.%.##~~.#
#.rr%'.##w~~#
#.#..#.##~~~#
###..####w~~#
#..# #~~~# #..#
#~~~# #..# #~~~#
+..+ #~~.# #.~~#


You could see 3 river rats.

Vanquished Creatures
  Natasha (D:4)
  4 adders (Sewer)
  A river rat (Sewer)
  A worm (Sewer)
  2 orcs (D:3)
  An endoplasm (Sewer)
  3 giant cockroaches (D:3)
  A hobgoblin (D:3)
  8 jackals
  4 quokkas
  5 ball pythons
  2 bats (Sewer)
  A frilled lizard (Sewer)
34 creatures vanquished.

Notes
Turn   | Place    | Note
-------+----------+-------------------------------------------
     0 | D:5      | qw the Gargoyle Delver began the quest for the Orb.
     0 | D:5      | Reached XP level 1. HP: 14/14 MP: 1/1
     0 | D:5      | 0 ||| qw: Version: 0.1-a-116-g5d60599
     0 | D:5      | 0 ||| qw: Game counter: 8240
     0 | D:5      | 0 ||| qw: Always use a shield: true
     0 | D:5      | 0 ||| qw: God list: Okawaru
     0 | D:5      | 0 ||| qw: Allow faded altars: false
     0 | D:5      | 0 ||| qw: Do Orc after D:15 true
     0 | D:5      | 0 ||| qw: Do second Lair branch before Depths: true
     0 | D:5      | 0 ||| qw: Lair rune preference: random
     0 | D:5      | 0 ||| qw: Plans: Normal
     0 | D:5      | 0 ||| PLANNING D:1-11
     0 | D:5      | 0 ||| DROPPING scroll of fog.
     1 | D:5      | 1 ||| DROPPING scroll of magic mapping.
     2 | D:5      | 2 ||| DROPPING scroll of fear.
     7 | D:5      | Noticed a hound
     8 | D:5      | 8 ||| Stepping ~*~*~tactically~*~*~ (stealth).
    22 | D:4      | 22 ||| Stepping ~*~*~tactically~*~*~ (stealth).
   153 | D:4      | Noticed Natasha
   154 | D:4      | 154 ||| Stepping ~*~*~tactically~*~*~ (hiding).
   155 | D:4      | 155 ||| Stepping ~*~*~tactically~*~*~ (stealth).
   156 | D:4      | 156 ||| Stepping ~*~*~tactically~*~*~ (hiding).
   157 | D:4      | 157 ||| Stepping ~*~*~tactically~*~*~ (stealth).
   164 | D:4      | Killed Natasha
   165 | D:4      | Reached skill level 3 in Axes
   165 | D:4      | Reached XP level 2. HP: 16/19 MP: 2/2
   165 | D:4      | Reached XP level 3. HP: 19/23 MP: 3/3
   343 | D:4      | Found an iron altar of Okawaru.
   431 | D:4      | 431 ||| READING scroll labelled FATZEA TYSTRA.
   461 | D:4      | Became a worshipper of Warmaster Okawaru
   500 | D:3      | 500 ||| PLANNING SEWER
   521 | D:3      | 521 ||| Stepping ~*~*~tactically~*~*~ (stealth).
   665 | D:3      | Found a glowing drain.
   666 | D:3      | 666 ||| UPGRADING to +0 chain mail.
   676 | D:3      | 676 ||| DROPPING +0 leather armour.
   699 | Sewer    | Entered a sewer
   725 | Sewer    | Reached skill level 1 in Armour
   988 | Sewer    | Reached XP level 4. HP: 23/28 MP: 4/4
  1118 | Sewer    | 1118 ||| Stepping ~*~*~tactically~*~*~ (water).
  1142 | Sewer    | 1142 ||| Stepping ~*~*~tactically~*~*~ (water).
  1350 | Sewer    | HP: 6/28 [river rat (3)]
  1350 | Sewer    | HP: 2/28 [river rat (4)]
  1350 | Sewer    | Slain by a river rat

Levels and vault maps discovered:
D:3:      layout_basic, mainiacjoe_overflow_six_doors_small,
          mainiacjoe_overflow_boulevard, portal_sewer_entry_f, uniq_ijyb
D:4:      layout_loops_cross, okawaru_ov_weapons_minmay, uniq_natasha
D:5:      layout_basic
Sewer:    sewer_fruit_machine

Skill      XL: |  1  2  3  4 |
---------------+-------------+-----
Axes           | 3 4 |  4.0
Armour         | 1 |  1.8
Fighting       | |  3.2
Dodging        | |  1.5
Stealth        | |  5.4

Action                   |  1- 3 |  4- 6 || total
-------------------------+-------+-------++-------
Melee: Hand axe          |   122 |    66 ||   188
       Punch             |     1 |     2 ||     3
  Use: Scroll            |     1 |       ||     1
Armor: Leather armour    |    31 |       ||    31
       Chain mail        |    49 |    65 ||   114
Dodge: Dodged            |   104 |    38 ||   142

Table legend:
 A = Non-vault XP
 B = Vault XP
 C = Vault XP percentage of total XP
 D = Non-vault monster count
 E = Vault monster count
 F = Vault count percentage of total count
                 A         B        C        D         E       F
            +---------+---------+-------+---------+---------+-------
      Total |      17 |     140 |  89.2 |       8 |      26 |  76.5
            +---------+---------+-------+---------+---------+-------
        D:3 |       8 |      12 |  60.0 |       3 |       6 |  66.7
        D:4 |       9 |      36 |  80.0 |       5 |       1 |  16.7
      Sewer |       0 |      92 | 100.0 |       0 |      19 | 100.0
            +---------+---------+-------+---------+---------+-------
